 Dungeon Crawl Stone Soup version 0.27-a0-1301-g128193abf8 (webtiles) character file.

Game seed: 4391899848934933337

133 Sobieck the Skirmisher (level 5, -4/33 HPs)
             Began as a Kobold Abyssal Knight on June 17, 2021.
             Was a Follower of Lugonu.
             Slain by Edmund (8 damage)
             ... on level 3 of the Dungeon.
             The game lasted 00:06:40 (4748 turns).

Sobieck the Skirmisher (Kobold Abyssal Knight)      Turns: 4748, Time: 00:06:41

Health: -4/33      AC:  5    Str: 11    XL:     5   Next: 40%
Magic:  7/7        EV: 15    Int: 13    God:    Lugonu [*.....]
Gold:   155        SH:  0    Dex: 14    Spells: 4/4 levels left

rFire    . . .     SeeInvis .   a - +1 short sword {short}
rCold    . . .     Faith    .   (shield restricted)
rNeg     . . .     Spirit   .   b - +0 leather armour
rPois    .         Reflect  .   (no helmet)
rElec    .         Harm     .   c - +1 cloak
rCorr    .         Rampage  .   (no gloves)
Will     .....                  (no boots)
Stlth    +++.......             (no amulet)
HPRegen  0.11/turn              o - +4 ring of slaying
MPRegen  0.10/turn              (no ring)

@: mighty
A: small, no large weapons, nightstalker 3
a: Renounce Religion, Depart the Abyss


You were on level 3 of the Dungeon.
You worshipped Lugonu.
Lugonu was aware of your devotion.
You visited 1 branch of the dungeon, and saw 6 of its levels.
You visited the Abyss 1 time.

You collected 155 gold pieces.


Innate Abilities, Weirdness & Mutations

You are small and have problems with some larger weapons.
You are completely attuned to the shadows.


   Skills:
 + Level 3.9 Fighting
 + Level 3.7 Short Blades
 + Level 1.6 Armour
 + Level 3.4 Dodging
 + Level 2.3 Stealth
 + Level 2.8 Invocations


You had 4 spell levels left.
You didn't know any spells.
Your spell library contained the following spells:

 Spells                   Type           Power      Damage    Failure   Level
 Animate Skeleton         Necr           0%         N/A       38%         1
 Pain                     Necr           0%         1d4       38%         1
 Vampiric Draining        Necr           0%         2d6       77%         3
 Animate Dead             Necr           0%         N/A       99%         4
 Agony                    Necr           0%         N/A       100%        5

Inventory:

Hand Weapons
 a - a +1 short sword (weapon) {short}
 l - a +0 dagger {short}
   (You took it off an orc priest on level 3 of the Dungeon)
Missiles
 f - 24 sling bullets
 g - 4 stones {throwing}
 i - 37 arrows
 j - 17 poisoned darts {throwing}
Armour
 b - a +0 leather armour (worn)
 c - a +1 cloak (worn)
   (You found it on level 3 of the Dungeon)
 p - a +0 pair of boots
   (You found it on level 5 of the Dungeon)
Jewellery
 o - a +4 ring of slaying (left hand)
   (You found it on level 3 of the Dungeon)
Potions
 e - 4 potions of flight
 h - 2 potions of haste {unknown}
 k - a potion of cancellation {unknown}
 m - a potion of mutation {unknown}

Dungeon Overview and Level Annotations

Branches:
Dungeon (6/15)
 Temple: D:4-7

Altars:
Ru
Uskayaw

Annotations:
D:3 Edmund
D:4 Blork the orc

.#'####.....................#
.#§§≈≈#.....................#
.#≈._≈#...........#.........#
.#≈>⌠≈#.##........#.........#
.#≈≈≈≈#.##........#.........#
.######...........#.........#
........##.######......######
..#...####.######......#######
................@......'.....#
..#....####.####@......#####.####
..#..........# #................#
..#####....#.###.......#####.##.#
..#........................#.#.)#
..#.............†..........#.#.##
..#........................#.#.#
###...........##...........#.#.#
#...........##...........#.#.#


You could see Edmund.


Message History

Done exploring.
(D) Dungeon
Where to? (Enter - D:3, ? - help)
There is a stone staircase leading down here.
You climb downwards.
There is a stone staircase leading up here.
A hound skeleton comes into view.
The helpless hound skeleton fails to defend itself.
You puncture the hound skeleton!
The hound skeleton completely misses you.
You hit the hound skeleton.
The hound skeleton bites you but does no damage.
You puncture the hound skeleton!
You destroy the hound skeleton!
Lugonu accepts your kill.
You now have 155 gold pieces (gained 12).
Found a stone staircase leading down.
q - a scroll labelled TIHOFEPLUA
Okay, then.
(D) Dungeon
Where to? (Enter - D:4, ? - help)
There is a stone staircase leading up here.
You climb upwards.
There is a stone staircase leading down here.
Blink to where?
Press: ? - help, Dir - move target
As you read the scroll labelled PARIK LATOKU, it crumbles to dust.
It was a scroll of blinking.
As you read the scroll labelled TIHOFEPLUA, it crumbles to dust.
You feel strangely unstable.
It was a scroll of teleportation.
You start waiting.
Your surroundings suddenly seem different.
Unknown command.
(D) Dungeon
Where to? (Enter - D:3, ? - help)
There is a stone staircase leading down here.
You climb downwards.
There is a stone staircase leading up here.
A goblin comes into view. It is wielding a +0 dagger.
The helpless goblin fails to defend itself.
You puncture the goblin!
You kill the goblin!
Lugonu accepts your kill.
No target in view!
Edmund the Younger comes into view.
He is wielding a +1 flail of protection.
Edmund shouts!
Edmund hits you with a +1 flail of protection. 😕 HP[-1]
You take 1 damage, and now have 32/33 hp.
You hit Edmund but do no damage. Edmund closely misses you.
Unknown command.
You barely miss Edmund. You hit Edmund. Edmund hits you but does no damage.
You puncture Edmund!
Edmund hits you with a +1 flail of protection. 😕 HP[-3]
You take 3 damage, and now have 29/33 hp.
You hit Edmund.
Blork the orc comes into view.
He is wielding a +0 long sword.
Edmund misses you. 😕 HP[+1]
There is a stone staircase leading up here. 😕 HP[+1] Edmund closely misses you.
You climb upwards.
There is a stone staircase leading down here.
You hit Edmund.
Edmund hits you with a +1 flail of protection. 😕 HP[-4]
You take 4 damage, and now have 27/33 hp.
You closely miss Edmund.
Edmund hits you with a +1 flail of protection. 😕 HP[-2]
You take 2 damage, and now have 25/33 hp.
You hit Edmund.
Edmund hits you with a +1 flail of protection! 😮 HP[-8]
You take 8 damage, and now have 17/33 hp.
MASSIVE DAMAGE!! (PAUSE)
You closely miss Edmund.
Edmund hits you with a +1 flail of protection!
* * * LOW HITPOINT WARNING * * *
😱 HP[-11]
You take 11 damage, and now have 6/33 hp.
MASSIVE DAMAGE!! (PAUSE)
Okay, then.
You feel very mighty all of a sudden. Edmund closely misses you.
You hit Edmund. Edmund hits you but does no damage.
You puncture Edmund!
Edmund hits you with a +1 flail of protection.
* * * LOW HITPOINT WARNING * * *
😱 HP[-2]
You take 2 damage, and now have 4/33 hp.
You hit Edmund. Edmund misses you.
You hit Edmund but do no damage. You barely miss Edmund.
Edmund hits you with a +1 flail of protection!
You die...

Skill      XL: |  1  2  3  4 |
---------------+-------------+-----
Armour         | 1 |  1.6
Short Blades   | 3 |  3.7
Stealth        | 1 2 |  2.3
Dodging        | 3 |  3.4
Fighting       | |  3.9
Invocations    | |  2.8

Action                   |  1- 3 |  4- 6 || total
-------------------------+-------+-------++-------
Melee: Short sword       |    72 |   105 ||   177
Invok: Depart the Abyss  |     1 |       ||     1
  Use: Scroll            |     1 |     6 ||     7
       Potion            |       |     1 ||     1
 Stab: Sleeping          |     9 |    11 ||    20
Armor: Leather armour    |    12 |    13 ||    25
Dodge: Dodged            |    51 |    45 ||    96

Levels and vault maps discovered:
D:1:      dpeg_arrival_stonehenge_8_columns, layout_basic,
          shapermc_ecumenical_altar_notcrosses
D:2:      layout_loops_corners, grunt_ministairs_6
D:3:      layout_basic, general_overflow_altar, nicolae_ru_the_path_less_chosen
D:4:      layout_loops_ring, lemuel_crystal_altar,
          nicolae_shop_sticking_my_neck_out, uniq_eustachio,
          uniq_crazy_yiuf_cottage, uniq_edmund, uniq_blork_the_orc
D:5:      layout_rooms, kennysheep_mini, nicolae_vehumet_altar_sigil,
          enter_ossuary_3
D:6:      minmay_recursive_quarters, layout_loops_ring

Notes
Turn   | Place    | Note
-------+----------+-------------------------------------------
     0 | Abyss:1  | Sobieck the Kobold Abyssal Knight began the quest for the
                  | Orb.
     0 | Abyss:1  | Reached XP level 1. HP: 14/14 MP: 2/2
     0 | Abyss:1  | magus.rc [v1.9.6]
    15 | Abyss:1  | Noticed a starcursed mass
    46 | Abyss:1  | Noticed a starcursed mass
   103 | Abyss:1  | Noticed a large abomination
   110 | Abyss:1  | Found a corrupted altar of Lugonu.
   138 | D:1      | You pass through the gate.
   138 | D:1      | Escaped the Abyss
   607 | D:1      | Found a faded altar of an unknown god.
   707 | D:1      | Reached XP level 2. HP: 18/19 MP: 3/3
   719 | D:1      | Reached skill level 1 in Armour
   811 | D:1      | Reached skill level 3 in Short Blades
  1010 | D:1      | Reached * piety under Lugonu
  1351 | D:1      | Reached skill level 1 in Stealth
  1685 | D:1      | Reached XP level 3. HP: 23/23 MP: 4/4
  2058 | D:2      | Reached skill level 3 in Dodging
  2291 | D:2      | Reached XP level 4. HP: 24/29 MP: 5/5
  3145 | D:3      | You pick up a book of Necromancy and begin reading...
  3145 | D:3      | You add the spells Pain, Animate Skeleton, Vampiric
                  | Draining, Animate Dead and Agony to your library.
  3456 | D:3      | HP: 6/29 [orc priest (5)]
  3459 | D:3      | Reached skill level 2 in Stealth
  3459 | D:3      | Reached XP level 5. HP: 7/33 MP: 6/6
  3773 | D:3      | Found a sacrificial altar of Ru.
  4175 | D:3      | Found a hide-covered altar of Uskayaw.
  4256 | D:5      | Entered Level 5 of the Dungeon
  4288 | D:5      | HP: 7/33 [orc priest/divine providence (15)]
  4714 | D:4      | Noticed Edmund
  4724 | D:4      | Noticed Blork the orc
  4742 | D:3      | HP: 6/33 [Edmund (11)]
  4748 | D:3      | Slain by Edmund

Vanquished Creatures
  An orc priest (D:3)
  A hound skeleton (D:4)
  2 adders (D:2)
  A shadow imp (D:3)
  2 worms
  2 dart slugs (D:2)
  3 orcs
  3 ball pythons
  3 bats
  5 endoplasms
  2 giant cockroaches
  5 goblins
  A hobgoblin (D:3)
  4 jackals (D:1)
  4 quokkas
  3 frilled lizards
  5 kobolds
  2 rats
49 creatures vanquished.

Table legend:
 A = Non-vault XP
 B = Vault XP
 C = Vault XP percentage of total XP
 D = Non-vault monster count
 E = Vault monster count
 F = Vault count percentage of total count
                 A         B        C        D         E       F
            +---------+---------+-------+---------+---------+-------
      Total |     175 |      16 |   8.4 |      47 |       2 |   4.1
            +---------+---------+-------+---------+---------+-------
        D:1 |      24 |       0 |   0.0 |      14 |       0 |   0.0
        D:2 |      40 |      16 |  28.6 |      10 |       2 |  16.7
        D:3 |      89 |       0 |   0.0 |      20 |       0 |   0.0
        D:4 |      20 |       0 |   0.0 |       2 |       0 |   0.0
        D:5 |       2 |       0 |   0.0 |       1 |       0 |   0.0
            +---------+---------+-------+---------+---------+-------

Illustrated notes

Table legend:
 A = Kills in this place as a percentage of kills in entire the game.
 B = Kills by you in this place as a percentage of kills by you in the entire game.
 C = Kills by friends in this place as a percentage of kills by friends in the entire game.
 D = Other kills in this place as a percentage of other kills in the entire game.
 E = Experience gained in this place as a percentage of experience gained in the entire game.
 F = Experience gained in this place divided by the number of levels of this place that you have seen.
                   A       B       C       D       E      F
               +-------+-------+-------+-------+-------+----------------------
         Total | 100.0 | 100.0 |   N/A |   N/A | 100.0 |  27.3
       Dungeon | 100.0 | 100.0 |   N/A |   N/A | 100.0 |  31.8
               +-------+-------+-------+-------+-------+----------------------

Table legend: (Time is in decaauts)
 A = Elapsed time spent in this place.
 B = Non-inter-level travel time spent in this place.
 C = Inter-level travel time spent in this place.
 D = Time resting spent in this place.
 E = Time spent auto-exploring this place.
 F = Levels seen in this place.
 G = Mean time per level.
                   A        B        C        D        E       F      G
               +--------+--------+--------+--------+--------+-----+--------+
         Total |   4749 |   4556 |    193 |    941 |   2975 |   7 |  678.4 |
       Dungeon |   4611 |   4418 |    193 |    895 |   2975 |   6 |  768.5 |
         Abyss |    138 |    138 |      0 |     46 |      0 |   1 |  138.0 |
               +--------+--------+--------+--------+--------+-----+--------+

Top non-repeatable levels by time:
     D:1: 1566 daAuts
     D:2: 1401 daAuts
     D:3: 1252 daAuts
     D:4: 357 daAuts
 Abyss:1: 138 daAuts
     D:5: 32 daAuts
     D:6: 1 daAuts
